AoeStats
← Overhead

Pilgrims

510154663Analyzed
2v2 RM · 2d ago on Sep 29, 2026· 48m 44s· 4 players
Game mode
Random Map
Map size
Medium (4 player)
Population
200
Speed
Normal
Resources
Standard
Victory
Conquest
Starting age
Dark Age
Ending age
Imperial Age
RankedLock teamsTeams togetherTeam positionsShared explorationLock speedFull tech treeHidden civsTurbo modeCheats
Victory
Defeat
🇹🇷 Burgundians · Türkiye
1036
+18
🇺🇸 Franks · United States
1017
+18
🇩🇪 Slavs · Germany
1127
-20
🇩🇪 Danes · Germany
1016
-16
kinqpinq
0:45 Double-Bit Axe
5:19 Wheelbarrow
5:48 Loom
10:11 Fishing Lines
14:20 Feudal Age
13:00 Gold Mining
14:10 Stone Mining
15:34 Town Watch
16:08 Arson
16:35 Scale Mail Armor
16:46 Forging
17:59 Fletching
22:23 Castle Age
23:20 Chain Mail Armor
25:29 Bow Saw
27:15 Hand Cart
29:13 Fletching
35:44 Two-Man Saw
36:52 Treadmill Crane
39:33 Masonry
43:09 Imperial Age
41:34 Fortified Wall
42:08 Iron Casting
42:08 Bodkin Arrow
43:40 Town Patrol
44:28 Plate Mail Armor
44:49 Conscription
46:36 Chemistry
48:25 Gold Shaft Mining
48:33 Burgundian Vineyards
Exo
9:16 Loom
12:15 Feudal Age
17:06 Castle Age
15:26 Double-Bit Axe
20:08 Forging
30:06 Scale Barding Armor
31:57 Husbandry
35:00 Chain Barding Armor
34:54 Gold Mining
38:36 Imperial Age
37:27 Gold Shaft Mining
37:35 Bow Saw
39:02 Wheelbarrow
39:11 Chain Barding Armor
38:41 Fletching
39:27 Iron Casting
40:12 Cavalier
41:30 Plate Barding Armor
40:56 Padded Archer Armor
41:15 Hand Cart
44:03 Conscription
44:28 Town Watch
46:40 Blast Furnace
45:36 Bodkin Arrow
46:23 Paladin
Overhead
9:38 Loom
11:24 Feudal Age
12:36 Loom
15:59 Castle Age
14:43 Double-Bit Axe
16:18 Bloodlines
16:52 Scale Barding Armor
18:40 Horse Collar
20:16 Chain Barding Armor
23:33 Forging
24:23 Husbandry
25:52 Iron Casting
26:16 Heavy Plow
26:27 Bow Saw
27:10 Wheelbarrow
27:10 Town Watch
28:32 Hand Cart
30:36 Fishing Lines
32:16 Gold Mining
39:45 Imperial Age
37:11 Fletching
38:17 Gold Shaft Mining
38:49 Stone Mining
39:57 Cavalier
41:14 Plate Barding Armor
41:40 Blast Furnace
40:36 Bodkin Arrow
41:05 Ballistics
40:56 Masonry
41:47 Chemistry
41:28 Crop Rotation
42:00 Two-Man Saw
42:32 Detinets
46:14 Hoardings
45:01 Elite Boyar
46:14 Conscription
46:22 Padded Archer Armor
Lord Ice
6:51 Loom
12:49 Feudal Age
16:25 Castle Age
15:09 Fletching
16:01 Fishing Lines
17:08 Pikeman
17:48 Squires
20:08 Arson
20:37 Forging
20:28 Scale Mail Armor
20:54 Man-at-Arms
21:20 Gambesons
22:53 Long Swordsman
35:38 Chain Mail Armor
36:14 Gillnets
40:10 Ballistics
51:25 Imperial Age
49:08 Murder Holes
Connection lost

Rejoining the realm…

Still unreachable

The connection could not be restored.

Session expired

The server has moved on; the page needs a fresh start.